Map: Blackburn LE

Players

Jamin

  • Race: Zerg Zerg
  • League: Gold

bean - Winner!

  • Race: Terran Terran
  • League: Platinum

VOD

Have the link to the VOD?

Description

Time

  • Played on: Dec. 22, 2021, 7:25 p.m.
  • Length: 13:20
Show
View Real Time Build Order
Export as new Build Order

Jamin Zerg 

Build Orders: Hatch First, Lurkers 

Get SALT Encoding   

  12  0:00  Drone  
  13  0:11  Drone  
  14  0:31  Overlord  
  14  0:50  Drone  
  14  0:52  Drone  
  14  0:56  Hatchery  
  15  1:12  Drone x2  
  17  1:25  Extractor  
  16  1:26  Drone x2  
  18  1:45  Spawning Pool  
  17  1:54  Hatchery  
  16  1:58  Drone  
  16  1:59  Drone  
  18  2:05  Drone  
  19  2:11  Drone  
  20  2:15  Drone  
  21  2:29  Extractor  
  20  2:31  Extractor  
  20  2:36  Queen  
  21  2:38  Queen  
  22  2:45  Drone  
  23  2:56  Overlord  
  23  3:12  Drone x3  
  26  3:17  Zergling x2  
  26  3:18  Zergling x4  
  29  3:20  Queen  
  29  3:24  Drone x2  
  33  3:29  Queen  
  35  3:37  Lair  
  35  3:40  Drone  
  36  3:41  Drone  
  36  3:46  Drone  
  36  3:47  Zergling x2  
  39  3:54  Metabolic Boost  
  39  3:58  Drone x3  
  42  4:08  Extractor, Drone  
  42  4:09  Overlord  
  42  4:10  Overlord  
  41  4:26  Drone  
  41  4:29  Drone x2  
  44  4:33  Drone x2  
  44  4:34  Drone  
  47  4:47  Hydralisk Den  
  47  4:52  Burrow  
  46  4:53  Evolution Chamber  
  45  5:02  Extractor  
  45  5:06  Hatchery  
  43  5:10  Hatchery  
  42  5:15  Zergling x8  
  46  5:28  Grooved Spines  
  46  5:30  Zerg Missile Weapons Level 1  
  46  5:39  Drone x5  
  46  5:41  Queen  
  53  5:56  Drone x5  
  58  6:00  Extractor  
  58  6:01  Queen  
  58  6:02  Extractor  
  58  6:05  Overlord x2  
  58  6:06  Overlord  
  58  6:14  Evolution Chamber  
  58  6:15  Spore Crawler, Queen, Spine Crawler  
  58  6:17  Drone  
  59  6:18  Drone x2  
  59  6:19  Drone x3  
  60  6:33  Pneumatized Carapace  
  60  6:34  Overlord x2  
  60  6:35  Overlord x2  
  60  6:39  Muscular Augments  
  60  6:41  Zerg Ground Armor Level 1  
  60  6:54  Hydralisk  
  60  6:55  Hydralisk x6  
  74  7:14  Spire  
  74  7:15  Drone x2  
  74  7:16  Drone  
  74  7:22  Drone x3  
  79  7:23  Hydralisk x5  
  73  7:53  Zergling x2  
  73  7:54  Zergling x16  
  78  8:09  Lurker Den  
  77  8:17  Hydralisk x4  
  76  8:21  Hydralisk  
  76  8:22  Hydralisk x3  
  84  8:27  Hydralisk x11  
  65  9:09  Hydralisk x11  
  81  9:27  Lurker  
  81  9:28  Drone  
  81  9:29  Drone  
  82  9:49  Evolution Chamber  
  73  9:58  Hatchery  
  52  10:03  Lurker  
  52  10:04  Lurker  
  54  10:07  Lurker  
  33  11:55  Hydralisk  
  33  11:56  Hydralisk x18  
  71  12:03  Zergling x2  
  71  12:04  Zergling x28  
  71  12:07  Queen  
Show
View Real Time Build Order
Export as new Build Order

bean Terran - Winner!

Build Orders:  

Get SALT Encoding   

  12  0:00  SCV  
  13  0:12  SCV  
  14  0:17  Supply Depot  
  14  0:26  SCV  
  15  0:39  SCV  
  15  0:42  Barracks  
  16  0:50  Refinery  
  16  0:51  SCV  
  17  1:09  SCV  
  18  1:34  Orbital Command  
  18  1:41  Barracks Reactor  
  18  1:50  Command Center  
  18  2:01  SCV  
  19  2:13  SCV  
  20  2:15  Supply Depot  
  20  2:17  Marine x2  
  22  2:26  SCV  
  23  2:36  Barracks  
  23  2:37  Barracks  
  23  2:40  Marine x2  
  25  2:55  SCV  
  26  3:03  Orbital Command  
  26  3:07  SCV  
  27  3:17  Supply Depot  
  27  3:19  SCV  
  28  3:21  Marine x2  
  28  3:27  Refinery, Barracks Tech Lab x2  
  30  3:31  SCV  
  30  3:33  SCV  
  32  3:38  Marine  
  32  3:39  Marine  
  34  3:43  SCV  
  34  3:46  Marine x2  
  34  3:48  Supply Depot, Stimpack  
  37  3:52  Combat Shield  
  38  3:55  SCV  
  38  3:56  Marine, SCV  
  40  4:03  Marine, Factory  
  41  4:12  SCV x2  
  42  4:24  SCV  
  42  4:29  Marine x2, SCV  
  42  4:30  Marine x2  
  48  4:32  Supply Depot  
  48  4:41  SCV x2  
  50  4:47  Marine x3  
  50  4:48  Marine  
  50  4:50  Supply Depot  
  54  4:53  SCV  
  54  4:54  Starport, Factory Reactor, SCV  
  54  4:56  Supply Depot  
  56  5:00  Refinery  
  56  5:05  Marine x2, SCV  
  56  5:06  SCV  
  60  5:08  Engineering Bay  
  60  5:12  Marine x2  
  62  5:23  Marine x2  
  63  5:30  Marine x2  
  65  5:41  Marine, SCV x2  
  65  5:42  Factory Tech Lab  
  68  5:44  Medivac x2  
  72  5:52  Terran Infantry Weapons Level 1  
  72  5:53  Concussive Shells, SCV x2  
  74  5:59  Supply Depot  
  74  6:00  Refinery  
  74  6:01  Supply Depot  
  74  6:08  Marine, SCV x2  
  74  6:09  Marine x3  
  74  6:11  Siege Tank  
  83  6:20  SCV x2  
  83  6:22  Supply Depot  
  85  6:26  Marine  
  86  6:34  SCV x2  
  86  6:35  Marine x3  
  86  6:36  Medivac x2  
  95  6:44  Marine  
  95  6:46  Supply Depot, SCV x2  
  98  6:52  Marine  
  98  6:53  Marine x2  
  101  6:58  Siege Tank  
  104  7:02  Marine  
  104  7:03  SCV x2  
  104  7:07  Supply Depot  
  107  7:10  Marine x2, Supply Depot  
  107  7:11  Marine  
  107  7:15  SCV  
  111  7:17  Engineering Bay  
  111  7:20  Armory, Marine  
  112  7:30  Siege Tank  
  114  7:48  Marine x4  
  114  7:49  Medivac x2  
  117  8:02  Siege Tank  
  120  8:05  Marine x2  
  120  8:06  Marine x2  
  123  8:19  Medivac  
  121  8:23  Marine x3  
  124  8:34  Siege Tank  
  107  9:02  Marine x4  
  100  9:11  Terran Infantry Weapons Level 2  
  100  9:12  Terran Infantry Armor Level 1  
  100  9:13  Terran Vehicle Weapons Level 1  
  100  9:20  Marine x4  
  95  9:28  Siege Tank  
  95  9:29  Medivac  
  100  9:35  Command Center  
  100  9:37  Marine  
  100  9:38  Marine x3  
  90  9:55  Marine x2  
  90  9:56  Marine x2  
  90  9:59  SCV x2  
  91  10:00  Siege Tank  
  93  10:10  Barracks  
  93  10:11  SCV x2  
  93  10:13  Marine x4, Barracks  
  99  10:16  Supply Depot  
  99  10:17  Supply Depot  
  99  10:23  SCV x2  
  94  10:31  Marine x4  
  94  10:32  Siege Tank  
  98  10:39  Supply Depot  
  98  10:40  Supply Depot  
  98  10:49  Marine x4  
  101  11:05  Siege Tank  
  101  11:06  Marine, Barracks Reactor  
  101  11:07  Marine x3, Barracks Reactor  
  108  11:19  Command Center  
  108  11:24  Marine x2  
  110  11:29  Marine x2  
  110  11:31  Command Center  
  112  11:37  Siege Tank  
  115  11:42  Marine x2  
  115  11:46  Marine  
  118  11:47  Marauder  
  118  11:48  Marine  
  118  11:49  Marine x3  
  124  12:00  Marine x2  
  126  12:04  Marine  
  126  12:06  Marine x2  
  129  12:09  Siege Tank  
  132  12:28  Refinery  
  132  12:29  Refinery  
  128  12:56  Marine  
  128  12:57  Marine x7  
Tags
 
Composition
Lurkers
Matchup
TvZ
Add a new tag
Caveats
  • Supply blocks, unpowered buildings, or Contaminate may cause inaccurate times.
  • Supply counts are checked every 10 seconds.